 Dungeon Crawl Stone Soup version 0.23.1 (webtiles) character file.

Game seed: 1318394957927190704

112 PentaManta the Vandal (level 5, -3/32 HPs)
             Began as a Halfling Arcane Marksman on Mar 12, 2019.
             Slain by a gnoll shaman
             ... wielding a +0 club
              (5 damage)
             ... on level 2 of the Dungeon.
             The game lasted 00:05:39 (2906 turns).

PentaManta the Vandal (Halfling Arcane Marksman)    Turns: 2906, Time: 00:05:40

Health: -3/32      AC:  2    Str: 12    XL:     5   Next: 16%
Magic:  6/6        EV: 15    Int: 11    God:
Gold:   86         SH:  0    Dex: 15    Spells: 5/6 levels left

rFire    . . .     SeeInvis .   a - +0 hunting sling
rCold    . . .     Gourm    .   (shield restricted)
rNeg     . . .     Faith    .   e - +0 robe
rPois    .         Spirit   .   (no helmet)
rElec    .         Reflect  .   (no cloak)
rCorr    .         Harm     .   (no gloves)
MR       .....                  (no boots)
Stlth    +.........             (no amulet)
HPRegen  0.10/turn              (no ring)
MPRegen  0.10/turn              (no ring)

@: no status effects
A: small, mutation resistance 1
a: no special abilities


You were on level 2 of the Dungeon.
You were not hungry.

You visited 1 branch of the dungeon, and saw 3 of its levels.

You collected 86 gold pieces.

Inventory:

Hand Weapons
 a - a +0 hunting sling (weapon)
 r - a +1 short sword of freezing
Missiles
 d - 9 sling bullets (quivered)
 q - 8 poisoned needles
Armour
 e - a +0 robe (worn)
 o - a +0 pair of boots
 p - a +0 pair of gloves
Jewellery
 m - a +6 ring of protection {unknown}
 u - an uncursed amulet of the acrobat {unknown}
Scrolls
 h - a scroll of fog {unknown}
 i - 3 scrolls of identify {unknown}
 j - 2 scrolls of remove curse {unknown}
 k - a scroll of enchant weapon {unknown}
 s - a scroll of immolation {unknown}
 v - a scroll of enchant armour {unknown}
Potions
 b - a potion of curing
 c - a potion of resistance {unknown}
 g - a potion of agility {unknown}
 l - a potion of degeneration {unknown}
 n - a potion of berserk rage {unknown}
Comestibles
 f - a ration


   Skills:
 - Level 0.8 Fighting
 + Level 5.5(6.2) Slings
 + Level 2.9(3.8) Throwing
 - Level 2.1 Dodging
 - Level 1.0 Spellcasting
 - Level 2.4 Hexes


You had 5 spell levels left.
You knew the following spells:

 Your Spells              Type           Power        Failure   Level  Hunger
a - Corona                Hex            #......      12%         1    ##.....

Your spell library contained the following spells:

 Spells                   Type           Power        Failure   Level  Hunger
 Slow                     Hex            #.......     19%         2    ###....
 Inner Flame              Hex/Fire       #.......     52%         3    ####...
 Portal Projectile        Hex/Tloc       #.....       52%         3    ####...
 Cause Fear               Hex            #.........   77%         4    #####..
 Leda's Liquefaction      Hex/Erth       #.........   89%         4    #####..


Dungeon Overview and Level Annotations

Branches:
Dungeon (3/15)

Altars:


Innate Abilities, Weirdness & Mutations

You are small and have problems with some larger weapons.
You are somewhat resistant to further mutation.


Message History

The gnoll hits you from afar with a +0 spear.
* * * LOW HITPOINT WARNING * * *
The gnoll hits you from afar with a +0 spear.
* * * LOW HITPOINT WARNING * * *
The gnoll shaman closely misses you.
You climb upwards.
There is a stone staircase leading down here.
Firing (i - inventory)
d - 11 sling bullets (quivered)
Press: ? - help, Shift-Dir - straight line, f - gnoll shaman
Aim: a gnoll shaman, wielding a +0 club and wearing a +0 leather armour (heavily wounded)
You shoot a sling bullet. The sling bullet hits the gnoll shaman.
The gnoll shaman is severely wounded.
The gnoll shaman completely misses you.
Firing (i - inventory)
d - 10 sling bullets (quivered)
Press: ? - help, Shift-Dir - straight line, f/p - gnoll shaman
Aim: a gnoll shaman, wielding a +0 club and wearing a +0 leather armour (severely wounded)
You shoot a sling bullet.
The sling bullet barely misses the gnoll shaman.
The gnoll shaman hits you with a +0 club.
You die...

....# #......#
###.#######......# #
#.#.....#......#########
###.#.##.##..............#
..#.#.##........########.#
#.#.#.####.......# #...#
....#....#.#####.# #.###
.........#.#####.#####.#
................@g....(#
..#........###.#.#######
#######..### #.#.#
.....###.#####.#.#####
...≈..##.............#
≈.≈.≈..##..........#.#
.≈...≈..##.........#.#
≈.≈.≈.≈..##........#.#
.#.≈...≈..####.#####.######


You could see a gnoll shaman.

Vanquished Creatures
  An adder (D:2)
  3 gnolls
  An ooze (D:3)
  4 worms (D:2)
  3 dart slugs
  An orc (D:3)
  A ball python (D:3)
  2 giant cockroaches (D:1)
  3 goblins (D:1)
  4 hobgoblins
  6 jackals
  7 bats
  8 frilled lizards
  3 kobolds
  8 rats
55 creatures vanquished.

Notes
Turn   | Place    | Note
-------+----------+-------------------------------------------
     0 | D:1      | PentaManta the Halfling Arcane Marksman began the quest for
                  | the Orb.
     0 | D:1      | Reached XP level 1. HP: 12/12 MP: 2/2
   173 | D:1      | Reached XP level 2. HP: 18/18 MP: 3/3
   248 | D:1      | Reached skill level 1 in Throwing
   871 | D:2      | Reached skill level 4 in Slings
   871 | D:2      | Reached XP level 3. HP: 6/22 MP: 4/4
  1293 | D:2      | Reached XP level 4. HP: 27/27 MP: 5/5
  1851 | D:3      | Reached skill level 5 in Slings
  2132 | D:3      | Reached XP level 5. HP: 5/32 MP: 6/6
  2906 | D:2      | Slain by a gnoll shaman

Skill      XL: |  1  2  3  4 |
---------------+-------------+-----
Throwing       | 1 2 |  2.9
Slings         | 4 5 |  5.5
Fighting       | |  0.8
Dodging        | |  2.1
Spellcasting   | |  1.0
Hexes          | |  2.4

Action                   |  1- 3 |  4- 6 || total
-------------------------+-------+-------++-------
 Fire: Hunting sling     |    95 |   120 ||   215
  Use: Potion            |       |     1 ||     1
  Eat: Chunk             |       |     2 ||     2
       Ration            |       |     1 ||     1
Armor: Robe              |     5 |     7 ||    12
Dodge: Dodged            |    24 |    50 ||    74
